 Dungeon Crawl Stone Soup version 0.19-a0-1779-g7aee5af (webtiles) character file.

139 JeffiDaFish the Firebug (level 5, -5/40 HPs)
             Began as a Draconian Fire Elementalist on Oct 3, 2016.
             Slain by a gnoll
             ... wielding a +0 spear
              (6 damage)
             ... on level 3 of the Dungeon.
             The game lasted 00:15:44 (3289 turns).

JeffiDaFish the Firebug (DrFE)                      Turns: 3289, Time: 00:15:45

Health: -5/40      AC:  5    Str: 12    XL:     5   Next: 1%
Magic:  0/8        EV: 12    Int: 15    God:
Gold:   109        SH:  0    Dex: 11    Spells: 3 memorised, 1 level left

rFire  . . .     SeeInvis .     k - +2 hand axe
rCold  . . .     Gourm    .     (armour unavailable)
rNeg   . . .     Faith    .     (no shield)
rPois  .         Spirit   .     (helmet restricted)
rElec  .         Dismiss  .     (no cloak)
rCorr  .         Reflect  .     (no gloves)
MR     .....     Harm     .     (no boots)
Stlth  ++........               (no amulet)
                                (no ring)
                                (no ring)

@: no status effects
A: unfitting armour, cold-blooded, AC +5
a: no special abilities


You were on level 3 of the Dungeon.
You were not hungry.

You visited 1 branch of the dungeon, and saw 3 of its levels.

You collected 109 gold pieces.

Inventory:

Hand Weapons
 k - a +2 hand axe (weapon)
Missiles
 f - 6 curare-tipped needles (quivered)
Scrolls
 b - 2 scrolls of magic mapping {unknown}
 e - a scroll of remove curse
Books
 a - a book of Flames

   Spells                             Type                      Level
   a - Flame Tongue                   Conjuration/Fire             1
   b - Throw Flame                    Conjuration/Fire             2
   c - Conjure Flame                  Conjuration/Fire             3
   d - Inner Flame                    Hexes/Fire                   3
   e - Sticky Flame                   Conjuration/Fire             4
   f - Fireball                       Conjuration/Fire             5
Comestibles
 c - a beef jerky
 d - 2 meat rations
 g - a bread ration


   Skills:
 + Level 1.2 Fighting
 + Level 1.0 Axes
 + Level 2.2 Dodging
 + Level 2.3 Stealth
 - Level 1.4 Unarmed Combat
 * Level 2.4 Spellcasting
 + Level 1.3 Conjurations
 + Level 4.1 Fire Magic


You had one spell level left.
You knew the following spells:

 Your Spells              Type           Power        Failure   Level  Hunger
a - Flame Tongue          Conj/Fire      #....        10%         1    #......
b - Throw Flame           Conj/Fire      #.....       12%         2    ###....
c - Sticky Flame          Conj/Fire      #.......     78%         4    #####..


Dungeon Overview and Level Annotations

Branches:
Dungeon (3/15)

Altars:


Innate Abilities, Weirdness & Mutations

Your plain brown scales are hard. (AC +5)
You cannot fit into any form of body armour.
You are cold-blooded and may be slowed by cold attacks.


Message History

Aiming: Flame Tongue
Press: ? - help, Shift-Dir - straight line, f/p - gnoll
Aim: a gnoll, wielding a flail The flame tongue hits the gnoll.
The gnoll is heavily wounded.
You completely miss the gnoll.
The gnoll is heavily wounded.
The gnoll hits you with a flail!
* * * LOW HITPOINT WARNING * * *
The gnoll closely misses you.
Your magical contamination has completely faded away.
Casting: Flame Tongue
Confirm with . or Enter, or press ? or * to list all spells.
Aiming: Flame Tongue
Press: ? - help, Shift-Dir - straight line, f/p - gnoll
Aim: a gnoll, wielding a flail (heavily wounded)
The flame tongue hits the gnoll.
The gnoll is almost dead.
The gnoll hits you from afar with a spear.
You die...

#...#..#)###
####...##.(...#
#...).......#.#
#.............#
#..........####
#...........#
#######...........#
#................>#
#.####@.........#.#
#...ggg.........#...
###)............# #.
#..##..........#.
#....##......###..
#.##...##.#..'
#........#....
#...##....#...
#.........#..


You could see 3 gnolls.

Vanquished Creatures
  An orc wizard (D:3)
  A gnoll (D:3)
  3 adders
  2 worms
  A dart slug (D:2)
  2 leopard geckos
  4 orcs (D:3)
  5 giant cockroaches
  8 goblins
  3 hobgoblins
  6 jackals
  6 kobolds
  2 quokkas
  4 bats
  3 frilled lizards (D:2)
  5 rats
56 creatures vanquished.

Notes
Turn   | Place    | Note
-------+----------+-------------------------------------------
     0 | D:1      | JeffiDaFish the Draconian Fire Elementalist began the quest for the Orb.
     0 | D:1      | Reached XP level 1. HP: 14/14 MP: 3/3
   253 | D:1      | Reached XP level 2. HP: 19/20 MP: 1/5
   643 | D:1      | Learned a level 2 spell: Throw Flame
  1117 | D:2      | Reached XP level 3. HP: 26/26 MP: 4/6
  1211 | D:2      | Reached skill level 1 in Unarmed Combat
  2526 | D:3      | Reached XP level 4. HP: 33/33 MP: 0/7
  2539 | D:3      | Learned a level 4 spell: Sticky Flame
  2607 | D:3      | Reached skill level 4 in Fire Magic
  2867 | D:3      | HP: 1/34 [orc wizard/magic dart (4)]
  2868 | D:3      | Reached skill level 1 in Fighting
  2868 | D:3      | Reached skill level 1 in Axes
  3283 | D:3      | Reached XP level 5. HP: 17/40 MP: 2/8
  3288 | D:3      | HP: 1/40 [gnoll/flail (9)]
  3289 | D:3      | Slain by a gnoll

Vault maps used:
D:1:      dpeg_arrival_subterranean_lakeside_camping, minmay_misc_feat_diagonals
D:2:      first_bread, st_stairs_11, kennysheep_generic_room_3
D:3:      hangedman_decor_peaks_small

Skill      XL: |  1  2  3  4 |
---------------+-------------+-----
Dodging        | 2 |  2.2
Unarmed Combat | 1 |  1.4
Stealth        | 2 |  2.3
Fire Magic     | 4 |  4.1
Fighting       | 1 |  1.2
Axes           | 1 |  1.0
Spellcasting   | |  2.4
Conjurations   | |  1.3

Action                   |  1- 3 |  4- 6 || total
-------------------------+-------+-------++-------
Melee: Unarmed           |   112 |       ||   112
       Tailslap          |    13 |     1 ||    14
       Hand axe          |    30 |    44 ||    74
 Cast: Flame Tongue      |    20 |    22 ||    42
       Throw Flame       |     8 |       ||     8
  Use: Potion            |     6 |     1 ||     7
       Scroll            |     7 |       ||     7
 Stab: Sleeping          |     2 |     1 ||     3
  Eat: Chunk             |     4 |       ||     4
       Bread ration      |     1 |     1 ||     2
Armor: Skin              |    64 |    20 ||    84
Dodge: Dodged            |   139 |    51 ||   190
